AoeStats
← Muscle Boy

Black Forest

510343478Analyzed
4v4 RM · 1d ago on Sep 30, 2026· 60m 48s· 8 players
Game mode
Random Map
Map size
Large (8 player)
Population
200
Speed
Normal
Resources
Standard
Victory
Conquest
Starting age
Dark Age
Ending age
Imperial Age
RankedLock teamsTeams togetherTeam positionsShared explorationLock speedFull tech treeHidden civsTurbo modeCheats
Victory
Defeat
🇻🇳 Khitans · Vietnam
817
+12
🇻🇳 Wu · Vietnam
785
+13
🇻🇳 Chinese · Vietnam
713
+16
🇩🇰 Varangians · Denmark
611
+21
🇦🇷 Vikings · Argentina
775
-17
🇨🇭 Bohemians · Switzerland
711
-15
🇨🇭 Britons · Switzerland
699
-15
🇨🇱 Varangians · Chile
697
-15
madnessss86
0:47 Loom
18:34 Feudal Age
24:43 Castle Age
24:23 Double-Bit Axe
24:44 Horse Collar
28:14 Town Watch
29:17 Wheelbarrow
28:47 Heavy Plow
29:16 Bow Saw
29:12 Caravan
32:04 Imperial Age
31:30 Hand Cart
33:50 Conscription
33:43 Wagenburg Tactics
35:26 Two-Man Saw
34:44 Elite Hussite Wagon
36:08 Squires
35:55 Arson
35:32 Pikeman
37:32 Husbandry
39:16 Chemistry
38:27 Fortified Wall
38:28 Masonry
51:28 Scale Barding Armor
51:33 Forging
51:24 Scale Mail Armor
51:25 Padded Archer Armor
51:16 Fletching
52:32 Chain Barding Armor
55:16 Leather Archer Armor
54:58 Bodkin Arrow
58:57 Coinage
Onox17
0:28 Loom
16:10 Feudal Age
19:13 Arson
27:38 Castle Age
26:48 Fishing Lines
35:52 Forging
35:32 Fletching
35:49 Scale Barding Armor
36:48 Wheelbarrow
35:58 Town Watch
39:11 Murder Holes
39:27 Fortified Wall
39:38 Ballistics
42:05 Imperial Age
39:54 Hand Cart
39:40 Town Patrol
40:46 Iron Casting
40:06 Bodkin Arrow
40:39 Chain Barding Armor
41:30 Squires
41:16 Gambesons
41:50 Horse Collar
42:00 Double-Bit Axe
44:04 Elite Varangian Guard
48:34 Conscription
48:19 Gothikon
50:45 Chemistry
51:13 Elite Jarl
56:06 Plate Barding Armor
56:47 Blast Furnace
MuchJaguar3116
0:30 Loom
19:16 Feudal Age
20:30 Double-Bit Axe
20:42 Fishing Lines
25:51 Castle Age
24:14 Horse Collar
24:59 Stone Mining
24:59 Gold Mining
27:29 Fervor
27:43 Bow Saw
27:30 Gillnets
30:45 Gold Shaft Mining
31:01 Coinage
30:34 Caravan
31:56 Wheelbarrow
31:09 Town Watch
31:31 Heavy Plow
37:37 Imperial Age
35:44 Treadmill Crane
36:03 Murder Holes
36:18 Masonry
36:19 Fortified Wall
36:30 Ballistics
38:04 Scale Barding Armor
38:00 Scale Mail Armor
37:51 Fletching
38:02 Padded Archer Armor
38:13 Forging
39:47 Two-Man Saw
39:12 Chain Barding Armor
40:00 Chemistry
38:51 Heated Shot
39:32 Architecture
40:43 Chain Mail Armor
40:24 Bodkin Arrow
40:16 Elite Longbowman
41:26 Yeomen
41:08 Warwolf
41:35 Conscription
41:06 Gambesons
41:11 Arson
41:44 Man-at-Arms
41:45 Pikeman
42:28 Squires
42:39 Halberdier
42:57 Elite Skirmisher
43:57 Long Swordsman
45:47 Leather Archer Armor
45:57 Two-Handed Swordsman
48:27 Champion
Metegol de paro
0:33 Loom
13:00 Feudal Age
15:46 Double-Bit Axe
21:22 Castle Age
20:24 Horse Collar
20:49 Gold Mining
25:58 Bow Saw
27:12 Stone Mining
29:07 Forging
29:50 Scale Mail Armor
34:56 Elite Skirmisher
35:31 Fletching
36:07 Bodkin Arrow
38:52 Imperial Age
37:49 Squires
38:08 Chain Mail Armor
38:27 Ballistics
39:09 Town Watch
39:26 Padded Archer Armor
40:11 Caravan
40:49 Coinage
39:47 Onager
42:55 Chemistry
46:05 Leather Archer Armor
BlacKHazE.
12:25 Feudal Age
12:57 Double-Bit Axe
13:02 Horse Collar
15:27 Loom
16:24 Wheelbarrow
22:33 Castle Age
20:29 Gold Mining
21:57 Stone Mining
24:50 Bow Saw
24:34 Fishing Lines
26:46 Fortified Wall
26:17 Treadmill Crane
27:00 Gillnets
27:49 Caravan
28:03 Heavy Plow
28:32 Masonry
30:16 Stone Shaft Mining
31:23 Murder Holes
31:49 Ballistics
32:43 Hand Cart
37:43 Imperial Age
35:49 Scale Barding Armor
38:51 Bloodlines
38:42 Husbandry
39:03 Chain Barding Armor
38:55 Forging
39:11 Conscription
38:57 Elite Jarl
40:53 Plate Barding Armor
40:08 Gambesons
40:23 Squires
41:36 Two-Man Saw
41:36 Crop Rotation
43:15 Chemistry
41:49 Elite Varangian Guard
42:15 Arson
41:59 Gothikon
44:18 Siege Engineers
46:10 Scale Mail Armor
46:46 Iron Casting
56:37 Blast Furnace
55:52 Chain Mail Armor
61:11 Plate Mail Armor
applerutz20052001
0:37 Loom
20:04 Feudal Age
24:28 Castle Age
23:49 Double-Bit Axe
23:51 Domestication
29:30 Wheelbarrow
29:34 Pastoralism
32:26 Gold Mining
32:36 Stone Mining
33:02 Bow Saw
38:56 Imperial Age
37:54 Stone Shaft Mining
37:50 Hand Cart
37:22 Town Watch
38:31 Lamellar Armor
38:15 Gambesons
38:30 Squires
38:16 Arson
38:40 Scale Mail Armor
38:51 Forging
38:40 Pikeman
39:47 Chain Mail Armor
39:44 Elite Liao Dao
41:39 Caravan
42:23 Plate Mail Armor
41:54 Fishing Lines
44:13 Heavy Rocket Cart
46:36 Light Cavalry
47:29 Hussar
49:56 Town Patrol
50:29 Scale Barding Armor
51:00 Iron Casting
51:19 Husbandry
53:11 Chemistry
52:32 Ballistics
54:24 Chain Barding Armor
57:16 Plate Barding Armor
56:46 Murder Holes
56:42 Heated Shot
59:06 Elite Steppe Lancer
K o h i m e
13:42 Feudal Age
14:15 Feudal Age
15:00 Horse Collar
15:06 Double-Bit Axe
21:51 Castle Age
22:53 Bow Saw
22:45 Heavy Plow
34:00 Imperial Age
32:10 Scale Barding Armor
32:40 Light Cavalry
33:31 Bloodlines
33:21 Husbandry
33:38 Bloodlines
33:28 Husbandry
34:42 Wheelbarrow
35:56 Forging
36:06 Chain Barding Armor
37:22 Iron Casting
38:28 Plate Barding Armor
38:51 Hand Cart
38:23 Hussar
40:22 Sitting Tiger
41:43 Blast Furnace
52:09 Heavy Hei Guang Cavalry
Muscle Boy
15:09 Feudal Age
28:18 Castle Age
27:21 Double-Bit Axe
34:30 Bow Saw
37:57 Imperial Age
35:44 Gold Mining
35:44 Stone Mining
37:00 Wheelbarrow
38:29 Gold Shaft Mining
38:51 Scale Mail Armor
39:03 Forging
42:03 Chain Mail Armor
42:24 Iron Casting
41:15 Elite Fire Lancer
42:33 Conscription
44:04 Plate Mail Armor
43:27 Horse Collar
44:17 Hand Cart
49:26 Blast Furnace
52:02 Arson
53:20 Squires
Connection lost

Rejoining the realm…

Still unreachable

The connection could not be restored.

Session expired

The server has moved on; the page needs a fresh start.